Map: Dusty Gorge

Players

FaSTy

  • Race: Protoss Protoss
  • League: Diamond
  • Spawn Location: 9:00

Santapaprika

  • Race: Protoss Protoss
  • League: Diamond
  • Spawn Location: 11:00

Adversity - Winner!

  • Race: Terran Terran
  • Spawn Location: 3:00

Timmy - Winner!

  • Race: Protoss Protoss
  • League: Master
  • Spawn Location: 5:00

VOD

Have the link to the VOD?

Description

Time

  • Played on: Oct. 10, 2018, 6:09 p.m.
  • Length: 7:04
Show
View Real Time Build Order
Export as new Build Order

FaSTy Protoss 

Build Orders: Oracle Opening 

Get SALT Encoding   

  12  0:00  Probe  
  13  0:13  Probe  
  14  0:19  Pylon  
  14  0:25  Probe  
  15  0:37  Probe  
  15  0:42  Gateway  
  16  0:45  Probe  
  16  0:47  Assimilator  
  17  0:53  Probe  
  17  1:00  Assimilator  
  17  1:03  Probe  
  19  1:14  Pylon  
  19  1:15  Probe  
  20  1:30  Cybernetics Core  
  20  1:31  Probe  
  21  1:43  Probe  
  22  1:56  Probe  
  23  2:03  Adept  
  23  2:07  Shield Battery  
  25  2:11  Stargate  
  25  2:16  Pylon  
  25  2:24  Adept  
  25  2:43  Probe  
  25  2:44  Shield Battery  
  25  2:51  Adept, Oracle  
  30  3:18  Adept  
  30  3:19  Oracle  
  35  3:45  Probe  
  36  3:48  Pylon  
  36  3:54  Oracle  
  28  4:12  Probe  
  27  4:23  Oracle  
  27  4:27  Probe  
  31  4:39  Probe  
  31  4:51  Probe  
  29  5:03  Probe  
  30  5:11  Probe  
  30  5:19  Probe  
  32  5:29  Probe  
  27  5:41  Probe  
  27  5:53  Probe  
  25  6:06  Probe  
  26  6:16  Nexus  
  26  6:18  Probe  
  27  6:28  Probe  
  25  6:36  Probe  
  22  6:44  Probe  
Show
View Real Time Build Order
Export as new Build Order

Santapaprika Protoss 

Build Orders:  

Get SALT Encoding   

  12  0:01  Probe  
  13  0:13  Probe  
  14  0:22  Pylon  
  14  0:25  Probe  
  15  0:40  Probe  
  15  0:42  Gateway  
  16  0:47  Assimilator  
  16  0:52  Probe  
  17  1:01  Probe  
  17  1:09  Probe  
  19  1:18  Probe  
  19  1:24  Pylon  
  20  1:30  Cybernetics Core  
  20  1:33  Probe  
  20  1:37  Assimilator  
  21  1:45  Probe  
  22  1:57  Stalker, Warp Gate  
  22  2:00  Gateway  
  22  2:02  Gateway  
  24  2:14  Shield Battery  
  24  2:24  Pylon  
  24  2:25  Stalker  
  26  2:51  Stalker  
  28  2:59  Stalker  
  30  3:17  Shield Battery  
  30  3:19  Pylon  
  30  3:22  Stalker  
  23  3:48  Probe  
  24  4:00  Probe  
  25  4:08  Twilight Council  
  25  4:12  Probe  
  24  4:25  Probe  
  24  4:32  Shield Battery  
  24  4:33  Probe  
  24  4:35  Stalker  
  24  4:36  Stalker  
  29  4:46  Probe  
  29  4:49  Blink  
  30  4:58  Probe  
  31  5:04  Pylon  
  31  5:07  Probe  
  32  5:15  Probe  
  31  5:24  Probe  
  32  5:39  Probe  
  33  5:47  Stalker  
  33  5:48  Stalker  
  37  5:51  Probe  
  38  6:20  Nexus  
  38  6:34  Probe  
  39  6:42  Robotics Facility  
  39  6:46  Probe  
Show
View Real Time Build Order
Export as new Build Order

Adversity Terran - Winner!

Build Orders:  

Get SALT Encoding   

  12  0:01  SCV  
  13  0:13  SCV  
  14  0:18  Supply Depot  
  14  0:25  SCV  
  15  0:31  Refinery  
  15  0:40  SCV  
  16  0:45  Barracks  
  16  0:52  SCV  
  17  1:04  Barracks  
  17  1:17  Barracks  
  17  1:21  SCV  
  18  1:33  Reaper  
  18  1:39  Orbital Command  
  19  1:48  Refinery  
  19  1:53  Reaper  
  20  2:03  Supply Depot  
  20  2:04  Reaper  
  21  2:09  Reaper  
  21  2:12  SCV  
  23  2:24  SCV  
  23  2:25  Reaper  
  25  2:36  Reaper  
  26  2:46  Supply Depot, Reaper  
  26  2:49  SCV  
  28  2:57  Reaper  
  29  3:02  SCV  
  31  3:18  SCV  
  32  3:21  Command Center  
  33  3:40  Barracks Reactor, Barracks Tech Lab  
  31  3:42  SCV  
  31  3:44  Factory  
  31  3:48  Bunker  
  32  3:54  Marine  
  32  3:56  SCV  
  33  4:12  Marine x2  
  33  4:14  Stimpack  
  33  4:16  Engineering Bay  
  34  4:18  Marine x2  
  34  4:29  SCV  
  34  4:30  Factory Reactor, Marine, Starport  
  36  4:35  Marine  
  37  4:46  Marine x2  
  37  4:48  SCV  
  35  5:01  Missile Turret  
  35  5:06  SCV  
  36  5:09  Orbital Command  
  36  5:18  SCV  
  35  5:24  Marine x2  
  35  5:25  Marine  
  36  5:34  Marine  
  36  5:43  SCV x2  
  36  5:46  Marine x2  
  40  5:55  SCV  
  39  5:58  Medivac  
  39  5:59  Medivac  
  39  6:01  SCV  
  41  6:07  SCV  
  42  6:13  SCV  
  43  6:20  Marine x2  
  43  6:21  Barracks Tech Lab  
  43  6:22  SCV  
  45  6:30  Missile Turret  
  43  6:37  SCV x2  
  47  6:40  Marauder x2  
  47  6:41  Marine  
  47  6:42  Marine  
  51  6:49  Supply Depot  
  51  6:51  Supply Depot, SCV x2  
  53  7:02  Supply Depot  
Show
View Real Time Build Order
Export as new Build Order

Timmy Protoss - Winner!

Build Orders:  

Get SALT Encoding   

  12  0:01  Probe  
  13  0:13  Probe  
  14  0:19  Pylon  
  14  0:25  Probe  
  15  0:37  Probe  
  15  0:39  Gateway  
  16  0:43  Assimilator  
  17  0:50  Probe  
  17  0:59  Gateway, Probe  
  18  1:07  Probe  
  18  1:16  Probe  
  20  1:26  Cybernetics Core  
  20  1:30  Pylon  
  21  1:33  Probe  
  21  1:34  Assimilator  
  21  1:45  Probe  
  22  1:54  Adept x2  
  22  1:57  Probe  
  23  2:02  Warp Gate  
  27  2:10  Probe  
  27  2:11  Pylon  
  28  2:19  Stalker  
  28  2:22  Probe  
  31  2:29  Stalker  
  33  2:34  Probe  
  33  2:47  Robotics Facility  
  33  2:52  Pylon  
  33  3:09  Stalker  
  33  3:10  Stalker  
  37  3:16  Probe  
  40  3:49  Immortal  
  36  4:05  Stalker, Shield Battery  
  36  4:06  Stalker  
  40  4:19  Warp Prism  
  40  4:22  Probe  
  43  4:34  Probe  
  44  4:43  Nexus  
  44  4:46  Probe  
  45  4:59  Stalker  
  47  5:22  Pylon  
  47  5:30  Immortal  
  47  5:41  Stalker  
  47  5:42  Stalker  
  55  5:47  Pylon  
  55  5:51  Assimilator  
  55  5:54  Probe  
  56  5:58  Gateway  
  56  6:01  Probe  
  57  6:06  Probe  
  58  6:15  Stalker  
  60  6:24  Stalker  
  62  6:26  Probe x2  
Tags
 
Add a new tag
Caveats
  • Supply blocks, unpowered buildings, or Contaminate may cause inaccurate times.
  • Supply counts are checked every 10 seconds.